 Dungeon Crawl Stone Soup version 0.22-a0-305-gd21a89c538 (webtiles) character file.

59 Oravi the Bolt Thrower (level 4, 0/26 HPs)
             Began as a Kobold Hunter on Mar 31, 2018.
             Succumbed to an adder's poison
             ... on level 2 of the Dungeon.
             The game lasted 00:07:12 (1753 turns).

Oravi the Bolt Thrower (Kobold Hunter)              Turns: 1753, Time: 00:07:13

Health: 0/26       AC:  3    Str: 15    XL:     4   Next: 22%
Magic:  4/4        EV: 15    Int: 17    God:
Gold:   73         SH:  0    Dex: 15    Spells: 3/3 levels left

rFire    . . .     SeeInvis .   b - +0 short sword
rCold    . . .     Gourm    .   (shield restricted)
rNeg     . . .     Faith    .   c - +0 leather armour
rPois    .         Spirit   .   (no helmet)
rElec    .         Reflect  .   (no cloak)
rCorr    .         Harm     .   (no gloves)
MR       .....                  (no boots)
Stlth    ++........             (no amulet)
HPRegen  0.08/turn              (no ring)
MPRegen  0.09/turn              (no ring)

@: mighty, brilliant, lethally poisoned (0 -> -3)
A: small, carnivore
a: no special abilities


You were on level 2 of the Dungeon.
You were completely stuffed.

You visited 1 branch of the dungeon, and saw 2 of its levels.

You collected 73 gold pieces.

Inventory:

Hand Weapons
 a - a +1 hand crossbow
 b - a +0 short sword (weapon)
Missiles
 d - 20 bolts
Armour
 c - a +0 leather armour (worn)
Scrolls
 e - 2 scrolls of identify {unknown}
 g - a scroll of remove curse {unknown}
 i - a scroll of immolation {unknown}
 k - a scroll of noise {unknown}
 l - a scroll of blinking {unknown}
Comestibles
 f - a ration
 m - 2 chunks of flesh


   Skills:
 - Level 2.1 Fighting
 + Level 4.0 Short Blades
 - Level 5.0 Crossbows
 - Level 3.0 Dodging
 - Level 1.3 Stealth


You had 3 spell levels left.
You didn't know any spells.

Dungeon Overview and Level Annotations

Branches:
Dungeon (2/15)

Altars:


Innate Abilities, Weirdness & Mutations

You are small and have problems with some larger weapons.
You are carnivorous and can eat meat at any time.


Message History

You hit the adder.
You kill the adder!
Your Short Blades skill increases to level 4!
* * * LOW HITPOINT WARNING * * *
You feel sick.
You see here a short sword.
* * * LOW HITPOINT WARNING * * *
You feel sick.
You see here a short sword.
It was a potion of might.
You feel very mighty all of a sudden.
It was a potion of brilliance.
You feel clever all of a sudden.
* * * LOW HITPOINT WARNING * * *
You feel sick.
Okay, then.
There is a lethal amount of poison in your body!
* * * LOW HITPOINT WARNING * * *
You feel sick.
You die...

.......<## .......(.######
..............# #####
..............# ###...#
..............#########...###
....(..(.............##.#.# #
..............###.........#######
#.....>.......###.##...........##
#######.......).@.######..####...
##.....######### #(......##
#..##..# #.[.###........#
....##..# ##........#....#..
#.....#.###.......###.......
#.........#..KS...# #....#..
#...#.#...#.......# #....#..
#..##.....S......## #...(... #.#
##............. ##....


There were no monsters in sight!

Vanquished Creatures
  An adder (D:2)
  An ooze (D:1)
  A worm (D:2)
  A dart slug (D:1)
  A leopard gecko (D:1)
  2 giant cockroaches
  2 goblins
  5 hobgoblins
  3 jackals (D:1)
  8 kobolds
  6 bats
  4 frilled lizards (D:1)
  6 rats
41 creatures vanquished.

Notes
Turn   | Place    | Note
-------+----------+-------------------------------------------
     0 | D:1      | Oravi the Kobold Hunter began the quest for the Orb.
     0 | D:1      | Reached XP level 1. HP: 12/12 MP: 1/1
    13 | D:1      | Reached skill level 5 in Crossbows
    49 | D:1      | Reached skill level 1 in Short Blades
    49 | D:1      | Reached XP level 2. HP: 7/17 MP: 2/2
   677 | D:1      | Reached XP level 3. HP: 21/21 MP: 3/3
  1104 | D:1      | HP: 1/21 [kobold (3)]
  1657 | D:2      | Reached XP level 4. HP: 22/26 MP: 4/4
  1746 | D:2      | HP: 1/26 [poisoned by an adder]
  1753 | D:2      | Succumbed to an adder's poison

Vault maps used:
D:1:      onia_arrival_handbag, serial_bayou_ford_a

Skill      XL: |  1  2  3  4 |
---------------+-------------+-----
Crossbows      | 5 |  5.0
Short Blades   | 1 2 3 4 |  4.0
Dodging        | 3 |  3.0
Fighting       | |  2.1
Stealth        | |  1.3

Action                   |  1- 3 |  4- 6 || total
-------------------------+-------+-------++-------
Melee: Short sword       |   170 |    24 ||   194
  Use: Potion            |     5 |     2 ||     7
 Stab: Sleeping          |     1 |       ||     1
  Eat: Chunk             |     9 |     2 ||    11
Armor: Leather armour    |    23 |     2 ||    25
Dodge: Dodged            |   145 |    20 ||   165

Table legend:
 A = Spawn XP
 B = Non-spawn XP
 C = Spawn XP percentage of total XP
 D = Spawn monster count
 E = Non-spawn monster count
 F = Spawn count percentage of total count
 G = Total turns spent on level
                    A         B        C        D         E        F      G
               +---------+---------+-------+---------+---------+-------+---------
         Total |       0 |      85 |   0.0 |       0 |      41 |   0.0 |  1753
               +---------+---------+-------+---------+---------+-------+---------
           D:1 |       0 |      50 |   0.0 |       0 |      29 |   0.0 |  1322
           D:2 |       0 |      35 |   0.0 |       0 |      12 |   0.0 |   431
               +---------+---------+-------+---------+---------+-------+---------
